[Event "DVM U14 2021"]
[Site "Willingen"]
[Date "2022.08.14"]
[Round "3"]
[White "Ehrig, Leon Chris"]
[Black "Bade, Deniz"]
[Result "1-0"]
[ECO "B11"]
[WhiteElo "1832"]
[BlackElo "1414"]
[Annotator "NA RC"]
[PlyCount "49"]
[EventDate "2022.08.12"]
[EventType "team-tourn"]
[EventRounds "7"]
[EventCountry "GER"]
[SourceTitle "playchess.com"]
[Source "ChessBase"]
[SourceQuality "1"]
[TimeControl "40/5400+30:1800+30"]

1. e4 c6 2. Nc3 d5 3. Qe2 d4 4. Nd1 e5 5. d3 Bd6 6. g3 c5 7. Bg2 Nc6 8. a3 Qc7 9. Nf3 Bd7 10. O-O f6 11. Nh4 O-O-O 12. Nf5 g6 (12... Bxf5 $15 13. exf5 Kb8) 13. Nxd6+ Qxd6 14. b4 $1 cxb4 ({Black should play} 14... h5 $1 $14) 15. axb4 Qxb4 {[%emt 0:01:14] [#]} 16. Ba3 (16. c3 $142 $1 dxc3 17. Qa2 (17. Qc2 Nd4 $11)) 16... Qb6 17. Nb2 Qc7 18. Rfb1 ({White should play} 18. Rfc1 $18) 18... Kb8 ({Better is} 18... b6 $14) 19. Na4 Bc8 20. Bc5 h5 21. h3 Nge7 (21... Qa5 $142) 22. c4 Na5 $18 (22... Be6 23. Qa2 (23. Qf3 Rdf8 $16) 23... Nc8) 23. Qd2 Nec6 24. Nb6 Be6 25. Nd5 1-0

[Event "DVM U14 2021"]
[Site "Willingen"]
[Date "2022.08.14"]
[Round "3"]
[White "Freude, Max"]
[Black "Reus, Nicholas"]
[Result "1-0"]
[ECO "B13"]
[WhiteElo "1819"]
[BlackElo "1663"]
[Annotator "NA RC"]
[PlyCount "77"]
[EventDate "2022.08.12"]
[EventType "team-tourn"]
[EventRounds "7"]
[EventCountry "GER"]
[SourceTitle "playchess.com"]
[Source "ChessBase"]
[SourceQuality "1"]
[TimeControl "40/5400+30:1800+30"]

1. e4 c6 2. d4 d5 3. exd5 cxd5 4. Bd3 Nf6 5. c3 Bg4 6. Qb3 Qd7 7. Bf4 Nc6 8. Nd2 e6 9. Ngf3 Bxf3 10. Nxf3 ({Reject} 10. gxf3 Nh5 11. Bg3 Bd6 $15) 10... Bd6 11. Ne5 ({White should play} 11. Be5 $14) 11... Qc7 12. O-O Nh5 13. Be3 Bxe5 14. dxe5 Nxe5 15. Qa4+ Nd7 16. Rae1 Nhf6 17. Qh4 Rg8 18. c4 Kf8 19. Rc1 Qd8 20. Rfd1 Rc8 21. Qd4 e5 22. Qxa7 d4 23. Bd2 Qc7 (23... b6 $16) 24. Qa3+ Nc5 25. Bf5 Rd8 26. b4 Ne6 27. b5+ Ke8 28. c5 Qe7 29. Re1 Rd5 $2 (29... g6) 30. Bb4 Qc7 31. Bd3 e4 32. Bxe4 Nxe4 33. Rxe4 g6 34. Qb3 Rf5 $18 35. c6 b6 36. Rxe6+ Kd8 37. Rd6+ Kc8 38. Qa4 Kb8 39. Rd7 1-0

[Event "DVM U14 2021"]
[Site "Willingen"]
[Date "2022.08.14"]
[Round "3"]
[White "Prinzen, Siri Marleen"]
[Black "Strauss, Florian"]
[Result "1-0"]
[ECO "D02"]
[WhiteElo "1801"]
[BlackElo "1527"]
[Annotator "NA RC"]
[PlyCount "103"]
[EventDate "2022.08.12"]
[EventType "team-tourn"]
[EventRounds "7"]
[EventCountry "GER"]
[SourceTitle "playchess.com"]
[Source "ChessBase"]
[SourceQuality "1"]
[TimeControl "40/5400+30:1800+30"]

1. d4 Nf6 2. Bf4 d5 3. e3 e6 4. Nd2 c5 5. c3 Be7 6. Ngf3 Nbd7 7. Bd3 a6 8. Ne5 Nxe5 $11 9. dxe5 Nd7 10. Qg4 $2 (10. O-O $11) 10... g5 11. Bxg5 Bxg5 12. Nf3 Be7 ({Black should play} 12... Bh6 $19 13. O-O Qb6) 13. Qg7 Rf8 14. Bxh7 Qb6 15. Rb1 (15. h4 $17 {is a better defense.}) 15... f6 16. Qg6+ Kd8 17. exf6 Bxf6 18. Qc2 e5 19. h4 e4 20. Ng5 Ne5 21. Nxe4 $2 (21. Rd1 {is a better defense.} Kc7 22. Rxd5 Nd3+ 23. Rxd3 exd3 24. Bxd3) 21... dxe4 22. Qxe4 Qc6 23. Rd1+ Kc7 24. Qxc6+ bxc6 25. Be4 Rh8 26. Ke2 Be6 27. b3 Rxh4 28. Rxh4 Bxh4 29. Rh1 Bf6 30. Rh7+ Nd7 31. c4 a5 32. a4 Re8 33. f3 Rb8 34. Bc2 Rg8 35. Kf2 Kb6 36. f4 (36. Rh6 $142) 36... Rd8 37. Rh6 Bg8 38. Be4 Re8 39. Bf5 Be6 40. Bc2 $2 (40. Bxe6 Rxe6 41. g4) 40... Bg8 $2 (40... Bc3 $19 41. f5 {[#]} Nf6 $1 42. Rxf6 Bxf6 43. fxe6 Rxe6) 41. Bf5 {[%emt 0:30:31] [#]} Be6 $2 (41... Bg7 $1 $19 42. Bxd7 Bxh6 43. Bxe8 Bh7) 42. Bc2 Re7 43. Kf3 Bg7 44. Rh1 Nf6 45. f5 Bc8 46. e4 Nd7 47. g4 Bd4 48. Rh2 (48. g5 $142) 48... Ne5+ 49. Kf4 {[%emt 0:00:00] [#]} Nxc4 $1 50. Re2 Ne3 $2 51. Rxe3 {[%emt 0:00:00] [#]} Bxe3+ (51... Be5+ $1 $19 52. Kf3 Rh7) 52. Kxe3 1-0

[Event "DVM U14 2021"]
[Site "Willingen"]
[Date "2022.08.14"]
[Round "3"]
[White "Braeutigam, Katerina"]
[Black "Chugunov, Ivan"]
[Result "1-0"]
[ECO "B13"]
[WhiteElo "1781"]
[BlackElo "1630"]
[Annotator "NA RC"]
[PlyCount "106"]
[EventDate "2022.08.12"]
[EventType "team-tourn"]
[EventRounds "7"]
[EventCountry "GER"]
[SourceTitle "playchess.com"]
[Source "ChessBase"]
[SourceQuality "1"]
[TimeControl "40/5400+30:1800+30"]

1. e4 c6 2. d4 d5 3. exd5 cxd5 4. Bd3 Nc6 5. c3 Nf6 6. h3 e5 7. dxe5 Nxe5 8. Nf3 Nxd3+ 9. Qxd3 Be7 10. O-O O-O 11. Be3 b6 12. Nbd2 a5 13. Rfe1 Ba6 14. Qc2 Re8 15. a4 Qc7 16. Nd4 Bc5 17. Rad1 Ne4 18. Nf5 Qe5 19. Bxc5 bxc5 20. Ng3 f5 21. c4 Qf4 22. Ngxe4 dxe4 23. Nb3 e3 24. Nxa5 Rab8 25. fxe3 Rxe3 26. Rf1 Qe4 27. Qxe4 Rxe4 28. b3 g6 29. Rd5 Rbe8 30. Rxc5 R8e5 31. Rxe5 Rxe5 32. b4 Kf7 33. Kf2 Ke6 34. Re1 Rxe1 35. Kxe1 Kd6 36. Kd2 g5 37. Ke3 h5 38. Kd4 Bc8 39. c5+ Kc7 40. b5 h4 41. Nc4 g4 42. Ne5 gxh3 43. gxh3 f4 44. Ng6 Bxh3 45. Nxh4 Bg4 46. a5 Bd7 47. b6+ Kb7 48. Ng6 Bc6 49. Nxf4 Ka6 50. Ne6 Kxa5 51. Nd8 Ba8 52. b7 Bxb7 53. Nxb7+ Ka6 1-0

[Event "DVM U14 2021"]
[Site "Willingen"]
[Date "2022.08.14"]
[Round "3"]
[White "Englert, Luca"]
[Black "Beyer, Lorenz"]
[Result "1-0"]
[ECO "D11"]
[WhiteElo "1741"]
[BlackElo "1587"]
[Annotator "NA RC"]
[PlyCount "55"]
[EventDate "2022.08.12"]
[EventType "team-tourn"]
[EventRounds "7"]
[EventCountry "GER"]
[SourceTitle "playchess.com"]
[Source "ChessBase"]
[SourceQuality "1"]
[TimeControl "40/5400+30:1800+30"]

1. Nf3 d5 2. d4 Bf5 3. c4 e6 4. g3 c6 5. Bg2 Nf6 6. O-O h6 7. Nc3 Be7 8. a3 O-O 9. b4 Nbd7 10. Bb2 dxc4 11. Nd2 Nb6 12. e4 Bg6 13. Ne2 Rc8 14. Rc1 Bh7 15. h3 Qd7 16. g4 Ne8 17. f4 Rd8 18. Nf3 Nd6 19. f5 exf5 20. Ne5 Qc7 21. gxf5 Nd7 22. Qe1 Nb5 23. Nxc4 Nb6 24. e5 Nxc4 25. Rxc4 f6 26. a4 Nxd4 27. Nxd4 Qb6 28. a5 1-0

[Event "DVM U14 2021"]
[Site "Willingen"]
[Date "2022.08.14"]
[Round "3"]
[White "Trenz, Finn"]
[Black "Schwan, Aaron"]
[Result "1/2-1/2"]
[ECO "A36"]
[WhiteElo "1667"]
[BlackElo "1672"]
[Annotator "NA RC"]
[PlyCount "92"]
[EventDate "2022.08.12"]
[EventType "team-tourn"]
[EventRounds "7"]
[EventCountry "GER"]
[SourceTitle "playchess.com"]
[Source "ChessBase"]
[SourceQuality "1"]
[TimeControl "40/5400+30:1800+30"]

1. e4 c5 2. c4 Nc6 3. Nc3 g6 4. g3 Bg7 5. Bg2 e6 6. Nge2 d6 7. d3 Nge7 8. Be3 a6 9. d4 cxd4 10. Nxd4 O-O 11. O-O Qc7 12. Nde2 Na5 13. b3 Nac6 14. Rc1 Rb8 15. Nd5 exd5 16. cxd5 Qa5 17. dxc6 Nxc6 18. Qd2 Qa3 19. Rfd1 Bg4 20. f3 Be6 21. Bf4 Ne5 22. Nc3 Rfd8 23. Bh6 Bxh6 24. Qxh6 Rbc8 25. Qd2 Qa5 26. Rc2 Qc7 27. Rdc1 Qd7 28. Nd5 Bxd5 29. Qxd5 Rxc2 30. Rxc2 Nc6 31. Rd2 Qc7 32. Qc4 Qb6+ 33. Kf1 Ne5 34. Qd4 Qb5+ 35. Kf2 Qc6 36. Bf1 b5 37. Be2 Qc7 38. f4 Nc6 39. Qc3 Qb6+ 40. Kg2 Na5 41. Bf3 Nb7 42. b4 Re8 43. Rc2 Nd8 44. Qc7 Qd4 45. Qd7 Rf8 46. Rc8 Ne6 1/2-1/2

[Event "DVM U14 2021"]
[Site "Willingen"]
[Date "2022.08.14"]
[Round "3"]
[White "Hoffmann, Kay"]
[Black "Schoen, Florian"]
[Result "1/2-1/2"]
[ECO "A02"]
[WhiteElo "1653"]
[BlackElo "1688"]
[Annotator "NA RC"]
[PlyCount "47"]
[EventDate "2022.08.12"]
[EventType "team-tourn"]
[EventRounds "7"]
[EventCountry "GER"]
[SourceTitle "playchess.com"]
[Source "ChessBase"]
[SourceQuality "1"]
[TimeControl "40/5400+30:1800+30"]

1. f4 e5 2. fxe5 Nc6 3. Nf3 g5 4. d4 g4 5. Ng5 d5 6. exd6 Qxd6 7. c3 h6 8. Ne4 Qg6 9. Ng3 Bd6 10. Qd3 Bxg3+ 11. hxg3 Bf5 12. Qb5 Bxb1 13. d5 O-O-O 14. dxc6 bxc6 15. Qa6+ Kd7 16. Bf4 Nf6 17. Rxh6 Rxh6 18. Bxh6 Rh8 19. Bf4 Rh1 20. Qxa7 Nd5 21. Qd4 Kc8 22. Kf2 Nxf4 23. Qxf4 Qc2 24. Qxg4+ 1/2-1/2

[Event "DVM U14 2021"]
[Site "Willingen"]
[Date "2022.08.14"]
[Round "3"]
[White "Martin Fernandez, Rafael"]
[Black "Schaudienst, Arvid"]
[Result "1-0"]
[ECO "B76"]
[WhiteElo "1645"]
[BlackElo "1431"]
[Annotator "NA RC"]
[PlyCount "64"]
[EventDate "2022.08.12"]
[EventType "team-tourn"]
[EventRounds "7"]
[EventCountry "GER"]
[SourceTitle "playchess.com"]
[Source "ChessBase"]
[SourceQuality "1"]
[TimeControl "40/5400+30:1800+30"]

1. e4 c5 2. Nf3 d6 3. d4 cxd4 4. Nxd4 Nf6 5. Nc3 g6 6. Be3 Bg7 7. f3 O-O 8. Qd2 Nc6 9. g4 Bd7 10. O-O-O Rc8 11. Kb1 Re8 12. g5 Nh5 13. Nce2 Ne5 14. Ng3 Qb6 15. Be2 Nc4 16. Bxc4 Rxc4 17. Nb3 Qc7 18. Nxh5 gxh5 19. Rhg1 Rc8 20. c3 Ba4 21. Rc1 a5 22. Bd4 Bxd4 23. Nxd4 Qb6 24. Nf5 R8c7 25. g6 fxg6 26. Qh6 e6 27. Nd4 Bd7 28. Rxg6+ hxg6 29. Qxg6+ Kf8 30. Qf6+ Ke8 31. Rg1 Ba4 32. Qh8+ Kd7 1-0

[Event "DVM U14 2021"]
[Site "Willingen"]
[Date "2022.08.14"]
[Round "3"]
[White "Aravindan, Midhulan"]
[Black "Fuhrmann, Bahne"]
[Result "0-1"]
[ECO "C68"]
[WhiteElo "1642"]
[BlackElo "1973"]
[Annotator "TA"]
[PlyCount "48"]
[EventDate "2022.08.12"]
[EventType "team-tourn"]
[EventRounds "7"]
[EventCountry "GER"]
[SourceTitle "playchess.com"]
[Source "ChessBase"]
[SourceQuality "1"]
[TimeControl "40/5400+30:1800+30"]

1. e4 e5 2. Nf3 Nc6 3. Bb5 a6 4. Bxc6 dxc6 5. O-O Qf6 6. d3 {[%emt 0:00:06] C68: Ruy Lopez: Exchange Variation, sidelines.} Ne7 7. Be3 Bd7 8. Nbd2 {[%emt 0:00:51] White has an edge.} Ng6 {[%emt 0:07:34] [#]} 9. Nc4 $146 ({Predecessor:} 9. d4 exd4 10. Bxd4 Qd6 11. Nc4 Qf4 12. g3 Qg4 13. Nfe5 Nxe5 14. Nxe5 Qxd1 15. Raxd1 {½-½ (40) Verneuil,P (2065)-Krokay,U (1926) Caleta 2014}) 9... c5 10. c3 Bg4 11. Qb3 (11. Ncd2 $11 {remains equal.}) 11... Bxf3 $17 12. Qxb7 (12. gxf3 $2 Nh4 13. Rfd1 O-O-O $19) 12... Rd8 {[%emt 0:03:58][%cal Of3g2] White must now prevent ...Bxg2!} 13. gxf3 Nh4 ({Black should play} 13... Be7 $1 $17 {Strongly threatening ...0-0.} 14. Qxc7 O-O) 14. Rfd1 $11 (14. Nxe5 $2 Qxe5 15. Qc6+ Rd7 16. Qa8+ Rd8 17. Qc6+ Rd7 18. Qa8+ Rd8 19. Qc6+ $19) 14... Be7 (14... Nxf3+ $11 15. Kg2 (15. Kh1 Qh4 $17) 15... Be7) 15. Qxc7 {[%emt 0:03:59] Hoping for Kf1.} O-O 16. f4 {[%emt 0:11:12][%mdl 8192] [#] This move loses the game for White.} (16. Nxe5 $2 Bd6 17. Qc6 Qxe5 $19) (16. Kf1 $16) 16... Rc8 $1 $40 {[%emt 0:06:44][%mdl 128] Black attacks with force.} (16... Qg6+ 17. Kf1 Bd6 18. Nxd6 Rxd6 19. fxe5 $14 (19. Bxc5 Rc6 $11)) 17. Qd7 ({Worse is} 17. Qb6 Rc6 18. Qb7 exf4 19. Bxf4 Nf3+ 20. Kf1 Qxf4 21. Qxc6 Qg4 $11) 17... exf4 18. Bxf4 $2 (18. Qg4 {keeps fighting.} fxe3 19. fxe3) 18... Qxf4 ({Weaker is} 18... Nf3+ 19. Kf1 Qxf4 20. Qxe7 Nxh2+ 21. Ke2 $15 (21. Ke1 Nf3+ 22. Kf1 Rc6 $19)) 19. Qxe7 (19. Qh3 $142 f5 20. Kh1) 19... Rc6 20. Kf1 {[%emt 0:03:22] [#]} Ng6 {[%emt 0:05:21][%cal Bh4g6,Bg6f4,Bf4e2][%mdl 32] Prevents Qe5.} 21. Qa7 Qf3 {[%emt 0:03:44] Black mates.} 22. Ke1 Nf4 23. Kd2 Qxd3+ 24. Kc1 Ne2# {[%emt 2:52:41] Weighted Error Value: White=1.03/Black=0.25 (precise)} 0-1

[Event "DVM U14 2021"]
[Site "Willingen"]
[Date "2022.08.14"]
[Round "3"]
[White "Bezsonna, Polina"]
[Black "Tomasjan, Samuel"]
[Result "0-1"]
[ECO "C56"]
[WhiteElo "1631"]
[BlackElo "1741"]
[Annotator "NA RC"]
[PlyCount "62"]
[EventDate "2022.08.12"]
[EventType "team-tourn"]
[EventRounds "7"]
[EventCountry "GER"]
[SourceTitle "playchess.com"]
[Source "ChessBase"]
[SourceQuality "1"]
[TimeControl "40/5400+30:1800+30"]

1. e4 e5 2. Nf3 Nc6 3. d4 exd4 4. Bc4 Nf6 5. O-O Bc5 6. e5 d5 7. Bb5 Ne4 8. Nxd4 O-O 9. Bxc6 bxc6 10. Be3 Ba6 11. Re1 Bxd4 12. Bxd4 c5 13. Be3 Bb7 14. c3 Qe7 15. f3 Ng5 16. Nd2 Ne6 17. Nb3 Rfd8 18. f4 d4 19. cxd4 cxd4 20. Bd2 f5 21. exf6 Qxf6 22. Qg4 Nf8 23. Bb4 Re8 24. Ba5 Qd6 25. Rxe8 Rxe8 26. Rc1 Re7 27. f5 Re4 28. Qg5 Re2 29. Bxc7 Qd5 30. Kf1 Rxg2 31. Qf4 Ba6+ 0-1

[Event "DVM U14 2021"]
[Site "Willingen"]
[Date "2022.08.14"]
[Round "3"]
[White "Isbilir, Levin"]
[Black "Bongardt, Livius"]
[Result "1-0"]
[ECO "C68"]
[WhiteElo "1629"]
[BlackElo "1756"]
[Annotator "NA RC"]
[PlyCount "89"]
[EventDate "2022.08.12"]
[EventType "team-tourn"]
[EventRounds "7"]
[EventCountry "GER"]
[SourceTitle "playchess.com"]
[Source "ChessBase"]
[SourceQuality "1"]
[TimeControl "40/5400+30:1800+30"]

1. e4 e5 2. Nf3 Nc6 3. Bb5 a6 4. Bxc6 dxc6 5. O-O Bg4 6. h3 Bxf3 7. Qxf3 Bc5 8. d3 Qf6 9. Nd2 Qe6 10. Nb3 Be7 11. Be3 f6 12. d4 O-O-O 13. Rad1 Bd6 14. dxe5 fxe5 15. Nc5 Bxc5 16. Rxd8+ Kxd8 17. Bxc5 Nf6 18. Rd1+ Kc8 19. b3 Rg8 20. Qe3 g5 21. Bb4 b6 22. a4 c5 23. Bc3 h5 24. Qf3 g4 25. hxg4 Nxg4 26. Qh3 Rg6 27. Rd5 c6 28. Rd3 Kc7 29. f3 Nh6 30. Bxe5+ Kc8 31. Qxh5 Nf7 32. Bh2 Rg5 33. Qh4 a5 34. Qf4 Re5 35. Qh4 Rg5 36. Qf4 Re5 37. Qh4 Rg5 38. Rd6 Rxg2+ 39. Kxg2 Nxd6 40. Qg3 Kd7 41. Qxd6+ Qxd6 42. Bxd6 Kxd6 43. Kf2 c4 44. Ke3 b5 45. Kd4 1-0

[Event "DVM U14 2021"]
[Site "Willingen"]
[Date "2022.08.14"]
[Round "3"]
[White "Pichl, Christoph"]
[Black "Kommessin, Felix"]
[Result "1-0"]
[ECO "D00"]
[WhiteElo "1617"]
[BlackElo "1536"]
[Annotator "NA RC"]
[PlyCount "97"]
[EventDate "2022.08.12"]
[EventType "team-tourn"]
[EventRounds "7"]
[EventCountry "GER"]
[SourceTitle "playchess.com"]
[Source "ChessBase"]
[SourceQuality "1"]
[TimeControl "40/5400+30:1800+30"]

1. d4 d5 2. Bf4 Nf6 3. e3 c5 4. c3 Nc6 5. Bd3 Bg4 6. Nf3 Qb6 7. Qc2 e6 8. Nbd2 Be7 9. h3 Bh5 10. O-O O-O 11. Ne5 Rfc8 12. Ndf3 Bxf3 13. Nxf3 cxd4 14. exd4 Nb4 15. Qe2 Nxd3 16. Qxd3 Qxb2 17. Rfb1 Qxc3 18. Qxc3 Rxc3 19. Rxb7 Kf8 20. Ne5 Ke8 21. Bd2 Rcc8 22. Rab1 Ne4 23. Ba5 Nd6 24. R7b3 f6 25. Nf3 Bd8 26. Bb4 Be7 27. Bc5 a6 28. Rb6 Nc4 29. Rxe6 Rc7 30. Rbe1 Kf8 31. Rxe7 Rxe7 32. Rxe7 Kg8 33. Rd7 a5 34. Rxd5 Nb2 35. Rd7 Na4 36. Ra7 Rxa7 37. Bxa7 Nc3 38. a3 a4 39. Kf1 Kf7 40. Ke1 Ke6 41. Bc5 g6 42. Kd2 Ne4+ 43. Ke3 Nxc5 44. dxc5 Kd5 45. Kd3 Kxc5 46. Kc3 g5 47. Nd4 h6 48. g4 Kd5 49. Nf5 1-0

[Event "DVM U14 2021"]
[Site "Willingen"]
[Date "2022.08.14"]
[Round "3"]
[White "Kiefhaber, Tobias"]
[Black "Wagner, Anton"]
[Result "1/2-1/2"]
[ECO "D03"]
[WhiteElo "1581"]
[BlackElo "1479"]
[Annotator "NA RC"]
[PlyCount "71"]
[EventDate "2022.08.12"]
[EventType "team-tourn"]
[EventRounds "7"]
[EventCountry "GER"]
[SourceTitle "playchess.com"]
[Source "ChessBase"]
[SourceQuality "1"]
[TimeControl "40/5400+30:1800+30"]

1. Nf3 Nf6 2. d4 d5 3. Bg5 e6 4. e3 Be7 5. Bd3 b6 6. O-O Bb7 7. Nbd2 Nbd7 8. c4 c5 9. b3 O-O 10. Rc1 Rc8 11. Qe2 cxd4 12. exd4 dxc4 13. Nxc4 Nd5 14. Qe4 g6 15. Qh4 Bxg5 16. Nxg5 N7f6 17. Ne5 Kg7 18. Rc4 Ba6 19. Rxc8 Qxc8 20. Qg3 Bxd3 21. Qxd3 Qc3 22. Rd1 Qxd3 23. Nxd3 h6 24. Nf3 Rc8 25. Rc1 Rxc1+ 26. Nxc1 Nb4 27. Kf1 Ne4 28. Ke1 Kf6 29. g4 Ng5 30. Ne5 Nc2+ 31. Kd2 Nxd4 32. f4 Ngf3+ 33. Ke3 Nxe5 34. fxe5+ Kxe5 35. Nd3+ Kd5 36. Nb4+ 1/2-1/2

[Event "DVM U14 2021"]
[Site "Willingen"]
[Date "2022.08.14"]
[Round "3"]
[White "Sökler, Jakob"]
[Black "Spranger, Tobias"]
[Result "1-0"]
[ECO "A06"]
[WhiteElo "1571"]
[BlackElo "1522"]
[Annotator "NA RC"]
[PlyCount "97"]
[EventDate "2022.08.12"]
[EventType "team-tourn"]
[EventRounds "7"]
[EventCountry "GER"]
[SourceTitle "playchess.com"]
[Source "ChessBase"]
[SourceQuality "1"]
[TimeControl "40/5400+30:1800+30"]

1. Nf3 d5 2. e3 c5 3. b3 Nc6 4. Bb2 Nf6 5. Bb5 e6 6. O-O Be7 7. Ne5 Qc7 8. Bxc6+ bxc6 9. f4 Ba6 10. c4 Rb8 11. Qc2 O-O 12. Nc3 Rfd8 13. Na4 d4 14. Ba3 dxe3 15. dxe3 Bd6 16. Nd3 e5 17. Bxc5 exf4 18. exf4 Ne4 19. Bxd6 Qxd6 20. Rad1 Qc7 21. Ndc5 Nxc5 22. Nxc5 Qb6 23. Qf2 Re8 24. Nd7 Qxf2+ 25. Rxf2 Rb7 26. Rfd2 Rc7 27. Ne5 Bc8 28. Rd6 g6 29. Rxc6 Rce7 30. Rcd6 Bb7 31. Rd7 f6 32. Ng4 Kf7 33. R1d6 h5 34. Nxf6 Rxd7 35. Rxd7+ Re7 36. Rxe7+ Kxe7 37. Nd5+ Bxd5 38. cxd5 Kd6 39. Kf2 Kxd5 40. Ke3 Kc5 41. a3 a6 42. Ke4 Kd6 43. f5 g5 44. h3 h4 45. b4 Kc6 46. Ke5 Kb5 47. f6 Ka4 48. f7 Kxa3 49. f8=Q 1-0

[Event "DVM U14 2021"]
[Site "Willingen"]
[Date "2022.08.14"]
[Round "3"]
[White "Goldinov, Daniel"]
[Black "Nitsche, Nikolai"]
[Result "1-0"]
[ECO "B06"]
[WhiteElo "1546"]
[BlackElo "1764"]
[Annotator "NA RC"]
[PlyCount "31"]
[EventDate "2022.08.12"]
[EventType "team-tourn"]
[EventRounds "7"]
[EventCountry "GER"]
[SourceTitle "playchess.com"]
[Source "ChessBase"]
[SourceQuality "1"]
[TimeControl "40/5400+30:1800+30"]

1. e4 g6 2. Bc4 Bg7 3. Qf3 e6 4. Ne2 Ne7 5. Nbc3 c6 6. d4 d5 7. Bb3 dxe4 8. Nxe4 f5 9. Ng5 Nd5 10. c4 Nf6 11. Nf4 O-O 12. O-O Re8 13. d5 Nxd5 14. cxd5 Qxg5 15. Nxe6 Qe7 16. Nc7 1-0

[Event "DVM U14 2021"]
[Site "Willingen"]
[Date "2022.08.14"]
[Round "3"]
[White "Vecera, Fabio"]
[Black "Stein, Theodor"]
[Result "1/2-1/2"]
[ECO "A16"]
[WhiteElo "1527"]
[BlackElo "1510"]
[Annotator "NA RC"]
[PlyCount "55"]
[EventDate "2022.08.12"]
[EventType "team-tourn"]
[EventRounds "7"]
[EventCountry "GER"]
[SourceTitle "playchess.com"]
[Source "ChessBase"]
[SourceQuality "1"]
[TimeControl "40/5400+30:1800+30"]

1. Nf3 d6 2. c4 g6 3. Nc3 Bg7 4. g3 Nf6 5. Bg2 O-O 6. O-O c6 7. d3 Nbd7 8. Qc2 e5 9. d4 Qc7 10. Rd1 exd4 11. Nxd4 Nb6 12. b3 Re8 13. Ba3 a6 14. Rac1 Be6 15. Nxe6 fxe6 16. Bxd6 Qf7 17. h3 Rad8 18. Rd3 e5 19. Bc5 Nbd7 20. Be3 Nf8 21. Rcd1 Rxd3 22. Qxd3 Ne6 23. Qc2 Rf8 24. Ne4 Nxe4 25. Bxe4 Nd4 26. Qb2 Qd7 27. Kg2 Qf7 28. Rf1 1/2-1/2

[Event "DVM U14 2021"]
[Site "Willingen"]
[Date "2022.08.14"]
[Round "3"]
[White "Apel, Linus"]
[Black "Eichhorn, Valentin"]
[Result "1-0"]
[ECO "B48"]
[WhiteElo "1488"]
[BlackElo "1506"]
[Annotator "NA RC"]
[PlyCount "69"]
[EventDate "2022.08.12"]
[EventType "team-tourn"]
[EventRounds "7"]
[EventCountry "GER"]
[SourceTitle "playchess.com"]
[Source "ChessBase"]
[SourceQuality "1"]
[TimeControl "40/5400+30:1800+30"]

1. e4 c5 2. Nf3 e6 3. d4 cxd4 4. Nxd4 Nc6 5. Nc3 Qc7 6. Be3 a6 7. f4 d6 8. g4 Be7 9. h4 b5 10. Bg2 Bb7 11. Qd2 Nxd4 12. Bxd4 e5 13. Be3 Nf6 14. g5 Nd7 15. f5 Nb6 16. Bxb6 Qxb6 17. O-O-O Rc8 18. Rhf1 Qc5 19. Kb1 b4 20. Ne2 a5 21. f6 gxf6 22. gxf6 Bf8 23. Ng3 Ba6 24. Rfe1 a4 25. Nf5 Rc6 26. Re3 Rg8 27. h5 Bc8 28. Rd3 Bxf5 29. exf5 Rc7 30. Rd5 Qb6 31. Rxe5+ Kd7 32. Qd5 Kc8 33. Re8+ Kd7 34. Qxf7+ Be7 35. Qxe7# 1-0

[Event "DVM U14 2021"]
[Site "Willingen"]
[Date "2022.08.14"]
[Round "3"]
[White "Römer, Uri"]
[Black "Gold, Jan Christian"]
[Result "1-0"]
[ECO "C09"]
[WhiteElo "1485"]
[BlackElo "1638"]
[Annotator "NA RC"]
[PlyCount "51"]
[EventDate "2022.08.12"]
[EventType "team-tourn"]
[EventRounds "7"]
[EventCountry "GER"]
[SourceTitle "playchess.com"]
[Source "ChessBase"]
[SourceQuality "1"]
[TimeControl "40/5400+30:1800+30"]

1. e4 e6 2. d4 d5 3. Nd2 c5 4. exd5 exd5 5. Ngf3 Nc6 6. Nb3 Bg4 7. dxc5 Bxc5 8. Nxc5 Qa5+ 9. Qd2 Qxc5 10. Qe3+ Qxe3+ 11. Bxe3 Nf6 12. Nd4 O-O 13. f3 Rfe8 14. Kf2 Rac8 15. c3 Ne5 16. Nb5 Rcd8 17. Bc5 Ned7 18. Nc7 Re5 19. Bd4 Rf5 20. Bd3 Ne4+ 21. Kg1 Bxf3 22. gxf3 Rxf3 23. Rd1 Rc8 24. Nxd5 Ndc5 25. Bxe4 Nxe4 26. Ne7+ 1-0

[Event "DVM U14 2021"]
[Site "Willingen"]
[Date "2022.08.14"]
[Round "3"]
[White "Borgert, Alexander"]
[Black "Wegener, Moritz"]
[Result "1-0"]
[ECO "E90"]
[WhiteElo "1477"]
[BlackElo "1202"]
[Annotator "NA RC"]
[PlyCount "71"]
[EventDate "2022.08.12"]
[EventType "team-tourn"]
[EventRounds "7"]
[EventCountry "GER"]
[SourceTitle "playchess.com"]
[Source "ChessBase"]
[SourceQuality "1"]
[TimeControl "40/5400+30:1800+30"]

1. d4 c5 2. d5 Nf6 3. c4 d6 4. Nc3 g6 5. Nf3 Bg7 6. e4 O-O 7. h3 e6 8. Bf4 exd5 9. cxd5 Re8 10. Bb5 Bd7 11. Bd3 Qc7 12. O-O c4 13. Bc2 Na6 14. Re1 Nh5 15. Bh2 Nc5 16. g4 Nf6 17. e5 dxe5 18. Nxe5 Qd8 19. Nxc4 Rxe1+ 20. Qxe1 Bc8 21. Qe3 b6 22. Nd6 Nb7 23. Nxc8 Rxc8 24. Rd1 Nd6 25. Bb3 Qd7 26. Bxd6 Qxd6 27. Qg3 Qd7 28. d6 a6 29. g5 Ne8 30. Nd5 Rc5 31. Nxb6 Qd8 32. d7 Nc7 33. h4 Nb5 34. Qf3 Rf5 35. Qa8 Qxa8 36. Nxa8 1-0

[Event "DVM U14 2021"]
[Site "Willingen"]
[Date "2022.08.14"]
[Round "3"]
[White "Freude, Paul"]
[Black "Gotfried, Elias"]
[Result "1-0"]
[ECO "C08"]
[WhiteElo "1477"]
[BlackElo "1589"]
[Annotator "NA RC"]
[PlyCount "121"]
[EventDate "2022.08.12"]
[EventType "team-tourn"]
[EventRounds "7"]
[EventCountry "GER"]
[SourceTitle "playchess.com"]
[Source "ChessBase"]
[SourceQuality "1"]
[TimeControl "40/5400+30:1800+30"]

1. e4 e6 2. d4 d5 3. Nd2 c5 4. exd5 exd5 5. Ngf3 Nf6 6. Be2 Be7 7. dxc5 Bxc5 8. Nb3 Bb6 9. Nbd4 Nc6 10. h3 h6 11. Be3 Ne4 12. O-O Nxd4 13. Bxd4 Bxd4 14. Qxd4 O-O 15. Rad1 Be6 16. Qb4 Qc7 17. Nd4 a5 18. Qb3 Rfc8 19. a3 Nc5 20. Qe3 Ne4 21. Bf3 Qe5 22. Rfe1 f5 23. Bh5 f4 24. Qf3 Rf8 25. Bg6 Bf7 26. Bxe4 dxe4 27. Rxe4 Qc5 28. Rxf4 Qg5 29. Rg4 Bh5 30. Qb3+ Bf7 31. Qxb7 Qf6 32. Rg3 Rad8 33. Qf3 Qe5 34. Qe3 Qh5 35. Rd2 Rfe8 36. Qf3 Qe5 37. Qe3 Qf6 38. Qc3 Qe5 39. Re3 Qb8 40. Rxe8+ Rxe8 41. Re2 Rc8 42. Nc6 Qb5 43. Ne7+ Kh7 44. Qxc8 Qxe2 45. Qf5+ Kh8 46. Qxf7 Qd1+ 47. Kh2 Qd8 48. Qg8+ Qxg8 49. Nxg8 Kxg8 50. Kg3 Kf7 51. Kf4 Ke6 52. c4 Kd6 53. b4 g5+ 54. Kf5 a4 55. b5 Kc5 56. Ke5 Kxc4 57. b6 Kb3 58. b7 Kxa3 59. b8=Q Ka2 60. Kd4 g4 61. Ke4 1-0